[Event "Titled Tuesday Blitz April 11 Late 2023"]
[White "Eljanov, Pavel"]
[Black "Hasangatin, Ramil"]
[WhiteFideId "14102951"]
[BlackFideId "4122160"]
[WhiteElo "2598"]
[BlackElo "2275"]
[Result "1-0"]
[Round "07"]
[TimeControl "180+2"]
[Date "2023.04.11"]
[WhiteClock "0:00:21"]
[BlackClock "0:00:02"]

1. c4 e5 2. Nc3 Nf6 3. Nf3 Nc6 4. e4 Bb4 5. d3 a6 6. a3 Bxc3+ 7. bxc3 b5 8. cxb5 axb5 9. Rb1 Ba6 10. Be2 O-O 11. O-O d6 12. Bg5 h6 13. Bh4 Qe7 14. Re1 Rfb8 15. d4 g5 16. Nxg5 hxg5 17. Bxg5 Kg7 18. f4 exf4 19. Bd3 b4 20. axb4 Bxd3 21. Qxd3 Qe6 22. Qf3 Ne7 23. e5 Nfg8 24. exd6 Qxd6 25. Bxf4 Qd5 26. Qg3+ Ng6 27. Bxc7 Re8 28. h4 Nh6 29. Be5+ Kh7 30. Re2 Nxe5 31. dxe5 Rg8 32. Qf4 Rg4 33. Qd2 Qxd2 34. Rxd2 Rc8 35. b5 1-0


[Site "https://www.chess.com"]

[Event "Titled Tuesday Blitz April 11 Late 2023"]
[White "Rodshtein, Maxim"]
[Black "Ibarra Jerez, Jose Carlos"]
[WhiteFideId "2806851"]
[BlackFideId "2226332"]
[WhiteElo "2555"]
[BlackElo "2638"]
[Result "0-1"]
[Round "07"]
[TimeControl "180+2"]
[Date "2023.04.11"]
[WhiteClock "0:00:05"]
[BlackClock "0:00:04"]

1. Nf3 Nf6 2. g3 g6 3. Bg2 Bg7 4. O-O O-O 5. d4 d6 6. c4 Bf5 7. Qb3 Qc8 8. Nc3 Nc6 9. d5 Na5 10. Qa4 b6 11. Nd4 Bd7 12. Qb4 c5 13. dxc6 Nxc6 14. Nxc6 Bxc6 15. e4 Qb7 16. Re1 Rac8 17. Bg5 Rfe8 18. Nd5 Ng4 19. Rad1 h6 20. Bc1 Ne5 21. b3 b5 22. cxb5 Qxb5 23. Qd2 Qb7 24. h3 Bb5 25. Re3 Nc6 26. Bb2 e5 27. Kh2 Nd4 28. Bxd4 exd4 29. Ree1 Bc6 30. Nb4 Bd7 31. Nd3 Qb6 32. Nf4 Bc6 33. Rc1 Bb7 34. Rxc8 Rxc8 35. Nd5 Bxd5 36. exd5 d3 37. Qxd3 Qxf2 38. Re2 Qb6 39. h4 Rc3 40. Re8+ Kh7 41. Qf1 Qc7 42. h5 Qd7 43. hxg6+ fxg6 44. Re6 Be5 45. Be4 Rxg3 46. Kh1 Rg5 47. Qf3 Qc7 48. Qf2 Qc1+ 0-1


[Site "https://www.chess.com"]

[Event "Titled Tuesday Blitz April 11 Late 2023"]
[White "Yanchenko, Roman"]
[Black "Corrales Jimenez, Fidel"]
[WhiteFideId "4137329"]
[BlackFideId "3506690"]
[WhiteElo "2491"]
[BlackElo "2541"]
[Result "0-1"]
[Round "07"]
[TimeControl "180+2"]
[Date "2023.04.11"]
[WhiteClock "0:00:08"]
[BlackClock "0:01:32"]

1. d4 Nf6 2. Nf3 g6 3. Bf4 d6 4. e3 Bg7 5. Be2 Nh5 6. Bg5 h6 7. Bh4 g5 8. Nfd2 gxh4 9. Bxh5 c5 10. c3 cxd4 11. cxd4 Qa5 12. Nc3 Nc6 13. Qf3 O-O 14. O-O e5 15. d5 Ne7 16. e4 f5 17. Qe2 fxe4 18. Ndxe4 Nf5 19. Bg4 Qd8 20. Nb5 Nd4 21. Nxd4 exd4 22. Bxc8 Rxc8 23. Rac1 Qe7 24. Rxc8 Rxc8 25. Qd3 Re8 26. f3 h3 27. Rc1 hxg2 28. Rc2 Kh8 29. Rxg2 Qh4 30. Kf1 Rc8 31. Rc2 Rf8 32. Kg2 Be5 33. Ng3 Rg8 34. f4 Qxf4 35. Rf2 Qh4 36. Rf3 Qe7 37. Qf5 Qg7 38. Qe6 Qh7 39. Kh3 Qg6 40. Rf7 d3 41. Qxg6 Rxg6 42. Rf3 d2 43. Rd3 Bf4 44. Ne4 Rg1 45. Nxd2 Rd1 46. Rf3 Bxd2 47. Rf7 Be3 48. Rxb7 Rg1 49. b4 Rg5 50. a4 Rxd5 51. Rd7 Rd4 52. Rxa7 Rxb4 53. Rd7 Bc5 54. a5 Ra4 55. Rd8+ Kg7 56. Ra8 Kg6 57. a6 h5 58. Kg3 Ra3+ 59. Kf4 Ra4+ 60. Kf3 Kg5 61. Kg3 Ra3+ 62. Kg2 Kh4 63. Kf1 Kh3 64. Rh8 h4 65. Ra8 Kxh2 66. a7 Rxa7 67. Rg8 Ra1+ 68. Ke2 h3 0-1


[Site "https://www.chess.com"]

[Event "Titled Tuesday Blitz April 11 Late 2023"]
[White "Rozman, Levy"]
[Black "Kamsky, Gata"]
[WhiteFideId "2039877"]
[BlackFideId "2000024"]
[WhiteElo "2376"]
[BlackElo "2660"]
[Result "1/2-1/2"]
[Round "07"]
[TimeControl "180+2"]
[Date "2023.04.11"]
[WhiteClock "0:01:02"]
[BlackClock "0:00:51"]

1. e4 e5 2. Nf3 Nc6 3. c3 Nf6 4. d4 d5 5. Bb5 exd4 6. e5 Ne4 7. Nxd4 Bd7 8. Bxc6 bxc6 9. O-O Bc5 10. f3 Ng5 11. f4 Ne4 12. Be3 Bb6 13. Nd2 f5 14. Nxe4 dxe4 15. Qb3 Qe7 16. Rfe1 c5 17. Qd5 Rc8 18. Nb3 Be6 19. Qc6+ Bd7 20. Qd5 Be6 21. Qc6+ Bd7 22. Qd5 1/2-1/2


[Site "https://www.chess.com"]

[Event "Titled Tuesday Blitz April 11 Late 2023"]
[White "Zakhartsov, Vladimir"]
[Black "Kavutskiy, Konstantin"]
[WhiteFideId "4145097"]
[BlackFideId "2026384"]
[WhiteElo "2497"]
[BlackElo "2323"]
[Result "1-0"]
[Round "07"]
[TimeControl "180+2"]
[Date "2023.04.11"]
[WhiteClock "0:00:28"]
[BlackClock "0:00:16"]

1. e4 c5 2. Nf3 Nc6 3. g3 e6 4. Bg2 Nf6 5. Qe2 e5 6. O-O Be7 7. c3 O-O 8. Rd1 d5 9. exd5 Qxd5 10. d4 e4 11. Ng5 Bg4 12. f3 exf3 13. Bxf3 Bxf3 14. Qxf3 Qxf3 15. Nxf3 cxd4 16. cxd4 Nb4 17. Nc3 Nbd5 18. Bg5 Rfd8 19. Bxf6 Bxf6 20. Rac1 a6 21. Ne4 Be7 22. a3 Rac8 23. Kf2 h6 24. Nc5 Rc7 25. Ne4 Rdc8 26. Rxc7 Rxc7 27. Rd2 f5 28. Nc5 Bxc5 29. dxc5 Nf6 30. Rd8+ Kh7 31. b4 Ne4+ 32. Ke3 a5 33. Nd4 axb4 34. axb4 Kg6 35. Kf4 Nf2 36. Nxf5 Nh3+ 37. Ke5 Rf7 38. Nd6 Rf2 39. Nxb7 Ng5 40. Kd5 Rxh2 41. c6 Rd2+ 42. Kc5 Rc2+ 43. Kb6 Ne6 44. Rd6 Kf5 45. Rxe6 Kxe6 46. Nc5+ Ke7 47. c7 Rxc5 48. bxc5 1-0


[Site "https://www.chess.com"]

[Event "Titled Tuesday Blitz April 11 Late 2023"]
[White "Durarbayli, Vasif"]
[Black "Zarnicki, Pablo"]
[WhiteFideId "13402935"]
[BlackFideId "100137"]
[WhiteElo "2551"]
[BlackElo "2468"]
[Result "1-0"]
[Round "07"]
[TimeControl "180+2"]
[Date "2023.04.11"]
[WhiteClock "0:00:34"]
[BlackClock "0:00:02"]

1. e4 e5 2. Nc3 Nf6 3. d4 exd4 4. Qxd4 Nc6 5. Qd3 Bb4 6. Bd2 O-O 7. O-O-O Re8 8. Nge2 d6 9. Bg5 h6 10. Bxf6 Qxf6 11. Nd5 Qd8 12. f4 Bc5 13. Nec3 Bg4 14. Be2 Bxe2 15. Qxe2 Ne7 16. Qf3 Nxd5 17. Nxd5 c6 18. Nc3 Qa5 19. Kb1 Bb4 20. Ne2 Re7 21. Ng3 Rae8 22. h4 Qb6 23. h5 Bc5 24. Nf5 Re6 25. Qg3 g6 26. Nxh6+ Kf8 27. hxg6 Rxg6 28. Qf3 Ke7 29. e5 d5 30. g4 Rf8 31. g5 Kd8 32. Ng4 Kc8 33. Nf6 Rd8 34. Rh7 Qc7 35. e6 Rf8 36. Qg4 Kb8 37. f5 Rxf6 38. gxf6 Qe5 39. Rxf7 Rh8 40. e7 1-0


[Site "https://www.chess.com"]

[Event "Titled Tuesday Blitz April 11 Late 2023"]
[White "Rastbod, Ali"]
[Black "Andreikin, Dmitry"]
[WhiteFideId "12567477"]
[BlackFideId "4158814"]
[WhiteElo "2248"]
[BlackElo "2736"]
[Result "0-1"]
[Round "07"]
[TimeControl "180+2"]
[Date "2023.04.11"]
[WhiteClock "0:00:03"]
[BlackClock "0:00:11"]

1. d4 Nc6 2. d5 Ne5 3. e4 e6 4. dxe6 fxe6 5. f4 d5 6. fxe5 Qh4+ 7. Kd2 dxe4 8. Kc3 Ne7 9. b3 a5 10. a4 Nd5+ 11. Kb2 Bc5 12. g3 Qe7 13. Bg2 e3 14. Ne2 O-O 15. Nbc3 Rf2 16. Bxd5 exd5 17. Qxd5+ Be6 18. Qxb7 Rd8 19. Bxe3 Bxe3 20. Rad1 Rdf8 21. Qe4 Qc5 22. Nd4 Bxd4 23. Qxd4 Qc6 24. Rhe1 Rxh2 25. Rd2 Rxd2 26. Qxd2 h6 27. Nb5 Qb6 28. Qd4 Qc6 29. Re3 Rf1 30. Qd8+ Kh7 31. Qd3+ Bf5 32. Qxf1 Qxc2+ 33. Ka3 Qc5+ 34. Kb2 Bg6 35. Rc3 Qxe5 36. Na3 Qd4 37. Qe2 Qd6 38. Nc4 Qd5 39. Qd2 Qh1 40. Re3 Qb1+ 41. Kc3 c5 42. Nxa5 Qf5 43. Nc4 Qf6+ 44. Ne5 Bb1 45. Kb2 Bf5 46. g4 Bxg4 47. Qc3 Qf2+ 48. Ka3 Bf5 49. Rf3 Qg1 50. Rxf5 Qd1 51. Qd3 Qa1# 0-1


[Site "https://www.chess.com"]

[Event "Titled Tuesday Blitz April 11 Late 2023"]
[White "Bluebaum, Matthias"]
[Black "Manukyan, Sargis A."]
[WhiteFideId "24651516"]
[BlackFideId "13303970"]
[WhiteElo "2638"]
[BlackElo "2187"]
[Result "1-0"]
[Round "07"]
[TimeControl "180+2"]
[Date "2023.04.11"]
[WhiteClock "0:01:54"]
[BlackClock "0:00:50"]

1. d4 d5 2. c4 e6 3. Nc3 Nf6 4. cxd5 Nxd5 5. e4 Nxc3 6. bxc3 c5 7. Rb1 cxd4 8. cxd4 Nc6 9. Bb5 Bd7 10. Nf3 Be7 11. O-O O-O 12. d5 exd5 13. exd5 Nb8 14. Bd3 b6 15. Bf4 Bf6 16. Ne5 Re8 17. Bxh7+ Kxh7 18. Qh5+ Kg8 19. Qxf7+ Kh7 20. Rfe1 Bc8 21. Nc6 Rxe1+ 22. Rxe1 Nxc6 23. Qh5+ Kg8 24. Re8+ Qxe8 25. Qxe8+ Kh7 26. Qxc6 1-0


[Site "https://www.chess.com"]

[Event "Titled Tuesday Blitz April 11 Late 2023"]
[White "Kleiman, Jake"]
[Black "Kollars, Dmitrij"]
[WhiteFideId "2020041"]
[BlackFideId "12909572"]
[WhiteElo "2399"]
[BlackElo "2584"]
[Result "0-1"]
[Round "07"]
[TimeControl "180+2"]
[Date "2023.04.11"]
[WhiteClock "0:00:56"]
[BlackClock "0:01:20"]

1. e4 c5 2. c3 d5 3. exd5 Nf6 4. d4 Nxd5 5. Nf3 cxd4 6. Nxd4 e5 7. Nf3 Nc6 8. Bc4 Nb6 9. Qxd8+ Nxd8 10. Nxe5 Nxc4 11. Nxc4 Be6 12. Ne5 f6 13. Nf3 Nc6 14. Bf4 g5 15. Be3 Kf7 16. Nbd2 Bd5 17. O-O Be7 18. Rfe1 Rhd8 19. Nd4 Ne5 20. N2b3 Nc4 21. Re2 a5 22. a4 Bf8 23. Rae1 h5 24. Bc1 Nb6 25. h4 gxh4 26. Bf4 Nxa4 27. Ra1 Nc5 28. Bc7 Nxb3 29. Nxb3 Bxb3 30. Bxd8 Rxd8 31. Rxa5 Rd1+ 32. Kh2 Bd6+ 33. g3 hxg3+ 34. fxg3 h4 35. Rb5 hxg3+ 36. Kg2 Bd5+ 0-1


[Site "https://www.chess.com"]

[Event "Titled Tuesday Blitz April 11 Late 2023"]
[White "Manelyuk, Daniil"]
[Black "Indjic, Aleksandar"]
[WhiteFideId "44173920"]
[BlackFideId "911925"]
[WhiteElo "2259"]
[BlackElo "2614"]
[Result "1-0"]
[Round "07"]
[TimeControl "180+2"]
[Date "2023.04.11"]
[WhiteClock "0:00:19"]
[BlackClock "0:00:17"]

1. e4 e5 2. Nf3 Nc6 3. Bb5 a6 4. Ba4 Nf6 5. O-O Bc5 6. c3 O-O 7. d4 Bb6 8. Re1 d6 9. Bg5 h6 10. Bh4 g5 11. Bg3 exd4 12. Bxc6 bxc6 13. Nxd4 Re8 14. Nd2 c5 15. Nc2 Bg4 16. f3 Be6 17. Ne3 Qd7 18. Ndc4 Ba7 19. Qd3 Nh5 20. Nd5 Rad8 21. Rad1 c6 22. Nde3 Nxg3 23. hxg3 d5 24. exd5 cxd5 25. Ne5 Qc7 26. f4 c4 27. Qc2 f6 28. Qg6+ Qg7 29. Qxg7+ Kxg7 30. Nc6 Bg4 31. Nxa7 Bxd1 32. Nc6 Rc8 33. Ne7 Rxe7 34. Nf5+ Kf7 35. Rxe7+ Kg6 36. Ne3 Ba4 37. f5+ Kh5 38. g4+ Kh4 39. Kh2 1-0


[Site "https://www.chess.com"]

[Event "Titled Tuesday Blitz April 11 Late 2023"]
[White "Karthikeyan, Murali"]
[Black "Licznerski, Lukasz"]
[WhiteFideId "5074452"]
[BlackFideId "1179250"]
[WhiteElo "2523"]
[BlackElo "2450"]
[Result "1-0"]
[Round "07"]
[TimeControl "180+2"]
[Date "2023.04.11"]
[WhiteClock "0:00:07"]
[BlackClock "0:00:01"]

1. Nf3 Nf6 2. g3 g6 3. Bg2 Bg7 4. O-O O-O 5. d4 d5 6. c4 dxc4 7. Na3 c3 8. bxc3 c5 9. Re1 Nc6 10. e4 cxd4 11. cxd4 Nd7 12. Bb2 Nb6 13. h3 Bd7 14. Rb1 Na5 15. Ba1 Ba4 16. Qe2 Rc8 17. h4 Qd6 18. Nb5 Qd7 19. Nxa7 Rc2 20. Qd3 Nbc4 21. d5 Bxa1 22. Rxa1 b5 23. Qd4 Ra8 24. Nc6 Nxc6 25. dxc6 Qxc6 26. e5 Qc7 27. Qf4 Rf8 28. Qh6 Qc5 29. Rf1 f6 30. exf6 exf6 31. Rad1 b4 32. Rd4 Ne5 33. Rf4 Nf7 34. Qxf8+ Kxf8 35. Rxf6 Kg7 36. Rf4 Bb5 37. Nd4 Kg8 38. Nxc2 Bxf1 39. Bxf1 Qxc2 40. Bc4 Kh8 41. Bxf7 Kg7 42. Bb3 Qc1+ 43. Kg2 h6 44. Rxb4 Qc6+ 45. Kh2 Qc5 46. Rb7+ Kf6 47. Rf7+ Ke5 48. Rf4 g5 49. hxg5 hxg5 50. Rf3 Qc6 51. Re3+ Kd4 52. Kg1 Qc1+ 53. Kg2 Qc6+ 54. Kh2 Qf6 55. Re2 Qf3 56. Rc2 Qh5+ 57. Kg1 g4 58. Kg2 Qf5 59. Rc4+ Kd5 60. Rf4+ 1-0


[Site "https://www.chess.com"]

[Event "Titled Tuesday Blitz April 11 Late 2023"]
[White "Filgueira, Hernan"]
[Black "Makarian, Rudik"]
[WhiteFideId "101770"]
[BlackFideId "44105681"]
[WhiteElo "2363"]
[BlackElo "2430"]
[Result "0-1"]
[Round "07"]
[TimeControl "180+2"]
[Date "2023.04.11"]
[WhiteClock "0:00:03"]
[BlackClock "0:01:22"]

1. c4 Nf6 2. Nc3 g6 3. g3 d6 4. Bg2 Bg7 5. Nf3 O-O 6. O-O c6 7. d4 Bf5 8. Ne1 e5 9. d5 cxd5 10. cxd5 Na6 11. e4 Bd7 12. Nd3 h5 13. h4 Ng4 14. Qe2 b5 15. b4 Rc8 16. Bd2 Rc4 17. a3 Qc7 18. Rac1 Rc8 19. Nb2 Qb6 20. Nxc4 bxc4 21. Kh1 Nc7 22. f3 Nf6 23. Be3 Qb7 24. Qf2 Nb5 25. Nxb5 Bxb5 26. Rc3 a6 27. Rfc1 Nxd5 28. exd5 Qxd5 29. R3c2 Qe6 30. f4 d5 31. fxe5 Qxe5 32. Bf4 Qf5 33. Kh2 Rd8 34. Bh3 Qd3 35. Rd2 Qxa3 36. Bg5 f6 37. Ra2 Qxb4 38. Bxf6 Rf8 39. Rb2 Qd6 40. Bxg7 Rxf2+ 41. Rxf2 Kxg7 42. Rcf1 Qe7 43. Bg2 c3 44. Rc1 d4 45. Rf4 Qd6 46. Rd1 d3 0-1


[Site "https://www.chess.com"]

[Event "Titled Tuesday Blitz April 11 Late 2023"]
[White "Lenaerts, Lennert"]
[Black "Vakhlamov, Igor L."]
[WhiteFideId "211435"]
[BlackFideId "24126748"]
[WhiteElo "2334"]
[BlackElo "2400"]
[Result "0-1"]
[Round "07"]
[TimeControl "180+2"]
[Date "2023.04.11"]
[WhiteClock "0:02:07"]
[BlackClock "0:01:27"]

1. d4 d5 2. c4 e6 3. Nc3 c5 4. cxd5 cxd4 5. Qxd4 Nc6 6. Qd1 exd5 7. Qxd5 Bd6 8. Bg5 Nge7 9. Qd2 h6 10. Bh4 Qb6 11. O-O-O Bb4 12. e3 O-O 13. Bd3 Nd5 14. Nge2 Be6 15. Kb1 Nxc3+ 16. Nxc3 Rac8 17. Rc1 Ne5 18. Bg3 Nxd3 19. Qxd3 Rfd8 20. Qb5 Rxc3 0-1


[Site "https://www.chess.com"]

[Event "Titled Tuesday Blitz April 11 Late 2023"]
[White "Kovalev, Vladislav"]
[Black "Martinez Reyes, Pedro Ramon"]
[WhiteFideId "13504398"]
[BlackFideId "3901807"]
[WhiteElo "2555"]
[BlackElo "2340"]
[Result "1-0"]
[Round "07"]
[TimeControl "180+2"]
[Date "2023.04.11"]
[WhiteClock "0:00:15"]
[BlackClock "0:00:04"]

1. e4 e6 2. d4 d5 3. exd5 exd5 4. Nf3 Nf6 5. Bd3 Be7 6. O-O Bg4 7. Nbd2 O-O 8. Re1 c5 9. dxc5 Bxc5 10. h3 Bh5 11. Nf1 Qd6 12. Be3 d4 13. Bg5 Nc6 14. Ng3 Bg6 15. Bxf6 Qxf6 16. Ne4 Qe7 17. a3 Bb6 18. Qd2 Rae8 19. Re2 Qc7 20. Rae1 Bh5 21. Neg5 Rxe2 22. Rxe2 h6 23. g4 hxg5 24. gxh5 Qf4 25. Qxf4 gxf4 26. Re4 Bc7 27. Bc4 Rd8 28. Ng5 Ne5 29. Rxe5 Bxe5 30. Nxf7 b5 31. Bb3 d3 32. Nxd8+ Kf8 33. cxd3 Bxb2 34. a4 b4 35. Ne6+ Ke7 36. Nxf4 Kd6 37. Ne2 Ke5 38. Kg2 Kf5 39. f4 a5 40. Kf3 Kf6 41. Ke4 1-0


[Site "https://www.chess.com"]

[Event "Titled Tuesday Blitz April 11 Late 2023"]
[White "Mendonca, Leon Luke"]
[Black "Cori T., Deysi"]
[WhiteFideId "35028561"]
[BlackFideId "3801934"]
[WhiteElo "2464"]
[BlackElo "2292"]
[Result "1-0"]
[Round "07"]
[TimeControl "180+2"]
[Date "2023.04.11"]
[WhiteClock "0:01:11"]
[BlackClock "0:01:14"]

1. e4 e6 2. Nc3 d5 3. d3 Nf6 4. Qe2 dxe4 5. dxe4 e5 6. Bd2 Nc6 7. O-O-O Nd4 8. Qd3 Be6 9. f4 Bd6 10. f5 Bd7 11. Nge2 c5 12. Bg5 Qa5 13. Bxf6 gxf6 14. Kb1 Bc6 15. Ng3 b5 16. Nh5 Ke7 17. Qg3 Rag8 18. Qh4 Rg5 19. Nxf6 Kxf6 20. Qh6+ Rg6 21. fxg6 fxg6 22. Be2 Bf8 23. Rhf1+ Ke7 24. Qg5+ 1-0


[Site "https://www.chess.com"]

[Event "Titled Tuesday Blitz April 11 Late 2023"]
[White "Bolourchifard, Farzad"]
[Black "Dobre, Claudiu-Cristian"]
[WhiteFideId "12510084"]
[BlackFideId "1211854"]
[WhiteElo "2317"]
[BlackElo "2207"]
[Result "0-1"]
[Round "07"]
[TimeControl "180+2"]
[Date "2023.04.11"]
[WhiteClock "0:00:04"]
[BlackClock "0:00:20"]

1. e4 Nc6 2. Bc4 Nf6 3. Nc3 e5 4. d3 Na5 5. Bb3 Bc5 6. Nf3 d6 7. O-O O-O 8. Be3 Nxb3 9. axb3 Bb6 10. Bxb6 cxb6 11. h3 Re8 12. d4 d5 13. dxe5 dxe4 14. exf6 Qxd1 15. Raxd1 exf3 16. Nd5 Rb8 17. Rfe1 Rxe1+ 18. Rxe1 Be6 19. Nc7 gxf6 20. g4 Rc8 21. Nxe6 Re8 22. Kh2 fxe6 23. Kg3 Kf7 24. Kxf3 Rd8 25. Ke3 Ke7 26. h4 a5 27. f3 b5 28. Ra1 b6 29. b4 a4 30. h5 h6 31. f4 e5 32. fxe5 fxe5 33. Rf1 Rd4 34. Rg1 Kf6 35. c3 Rf4 36. Rd1 Kg5 37. Rd6 Rxg4 38. Rxb6 Kxh5 39. Rxb5 Rg2 40. Rxe5+ Kg4 41. b5 Rxb2 42. Re4+ Kg3 43. Rxa4 Rxb5 44. c4 Rb1 45. c5 Rc1 46. Kd4 h5 47. Kd5 h4 48. Kd6 h3 49. c6 h2 50. Ra3+ Kg4 51. Ra4+ Kg5 52. Ra5+ Kg6 53. Rc5 Rxc5 54. Kxc5 h1=Q 55. Kb6 Qd5 56. Kb7 Kf6 57. Kb6 Ke7 58. c7 Qa8 59. c8=Q Qxc8 60. Ka7 Kd6 61. Kb6 Qc4 0-1


[Site "https://www.chess.com"]

[Event "Titled Tuesday Blitz April 11 Late 2023"]
[White "Novik, Maxim"]
[Black "Kushko, Dmitriy"]
[WhiteFideId "4102924"]
[BlackFideId "14162261"]
[WhiteElo "2287"]
[BlackElo "2230"]
[Result "0-1"]
[Round "07"]
[TimeControl "180+2"]
[Date "2023.04.11"]
[WhiteClock "0:00:04"]
[BlackClock "0:00:09"]

1. c4 g6 2. d4 Bg7 3. e4 d6 4. Nf3 e5 5. Be2 Nc6 6. Be3 Bg4 7. d5 Bxf3 8. Bxf3 Nd4 9. Nd2 c5 10. h4 h5 11. g3 Bh6 12. Bg2 Nf6 13. O-O Ng4 14. Bxd4 exd4 15. Bh3 O-O 16. Nf3 Rb8 17. Bxg4 hxg4 18. Ne1 f5 19. exf5 gxf5 20. Nd3 Qf6 21. Re1 Rbe8 22. Qb3 b6 23. Qb5 Re4 24. Qd7 Rf7 25. Qc8+ Kh7 26. a4 Rfe7 27. a5 bxa5 28. Kf1 Bd2 29. Red1 Re2 30. Rxd2 Rxd2 31. Nf4 d3 32. Kg2 Rf7 33. Re1 Qd4 34. Nxd3 Qxd3 35. Re8 Qf3+ 36. Kh2 Qxf2+ 37. Kh1 Qg2# 0-1


[Site "https://www.chess.com"]

[Event "Titled Tuesday Blitz April 11 Late 2023"]
[White "Erzhanov, Arman"]
[Black "Riehle, Marco"]
[WhiteFideId "4138821"]
[BlackFideId "12904392"]
[WhiteElo "2138"]
[BlackElo "2462"]
[Result "0-1"]
[Round "07"]
[TimeControl "180+2"]
[Date "2023.04.11"]
[WhiteClock "0:00:15"]
[BlackClock "0:00:41"]

1. e4 Nc6 2. Nf3 e5 3. Bb5 Nf6 4. O-O Nxe4 5. Re1 Nd6 6. Nxe5 Nxe5 7. Rxe5+ Be7 8. Bf1 O-O 9. d4 Bf6 10. Re1 b5 11. c3 Bb7 12. Bd3 Re8 13. Bf4 a6 14. Nd2 Re6 15. Nb3 Rxe1+ 16. Qxe1 Nc4 17. Nc5 Nxb2 18. Bxh7+ Kxh7 19. Nxb7 Qc8 20. Na5 Kg8 21. Qe4 Qe8 22. Qc2 Na4 23. Qd2 Qe6 24. Re1 Qd5 25. h3 d6 26. Be3 c5 27. Rd1 c4 28. Bf4 Bd8 29. Nb7 Qxb7 30. Bxd6 Ba5 31. Qg5 Nxc3 32. Re1 Ne4 33. Rxe4 Qxe4 34. Be5 Qg6 35. Qe7 c3 36. Qc5 c2 37. d5 Bd2 38. Bb2 c1=Q+ 39. Bxc1 Qb1 40. Kh2 Qxc1 41. Qd4 Rd8 42. d6 Rxd6 43. Qe4 Rd8 44. Qe7 Bg5 0-1


[Site "https://www.chess.com"]

[Event "Titled Tuesday Blitz April 11 Late 2023"]
[White "Shapiro, Viktor"]
[Black "Oro, Faustino"]
[WhiteFideId "4175700"]
[BlackFideId "20000197"]
[WhiteElo "2152"]
[BlackElo "1984"]
[Result "1/2-1/2"]
[Round "07"]
[TimeControl "180+2"]
[Date "2023.04.11"]
[WhiteClock "0:00:06"]
[BlackClock "0:00:05"]

1. c4 Nf6 2. Nc3 e5 3. Nf3 Nc6 4. a3 a5 5. g3 g6 6. Bg2 Bg7 7. O-O O-O 8. d3 d6 9. Rb1 Re8 10. Bg5 h6 11. Bxf6 Bxf6 12. b4 axb4 13. axb4 Bg7 14. b5 Ne7 15. Qb3 Be6 16. Nd2 c6 17. e3 d5 18. bxc6 bxc6 19. cxd5 cxd5 20. Nb5 Qd7 21. d4 Reb8 22. Rfc1 Ra5 23. Bf1 exd4 24. exd4 Nf5 25. Nf3 Nd6 26. Rc5 Ne4 27. Rc2 Bf5 28. Rbb2 Nxg3 29. hxg3 Bxc2 30. Qxc2 Raxb5 31. Bxb5 Rxb5 32. Rxb5 Qxb5 33. Qc8+ Bf8 34. Kg2 Qb1 35. Qe8 Qe4 36. Qc8 g5 37. g4 h5 38. Qf5 Bg7 39. Qxe4 dxe4 40. Nxg5 hxg4 41. Nxe4 Bxd4 42. Kg3 f5 43. Nd2 Be5+ 44. f4 Bd6 45. Nc4 Bc5 46. Ne5 Kg7 47. Nxg4 fxg4 48. Kxg4 Kf6 49. f5 Be7 50. Kf4 Bd8 51. Kg4 Bc7 52. Kf3 Kxf5 1/2-1/2


[Site "https://www.chess.com"]

[Event "Titled Tuesday Blitz April 11 Late 2023"]
[White "Hambleton, Aman"]
[Black "Chos, Alexey"]
[WhiteFideId "2606577"]
[BlackFideId "14117762"]
[WhiteElo "2511"]
[BlackElo "2234"]
[Result "1/2-1/2"]
[Round "07"]
[TimeControl "180+2"]
[Date "2023.04.11"]
[WhiteClock "0:00:02"]
[BlackClock "0:00:03"]

1. d4 Nf6 2. Bf4 g6 3. Nc3 d5 4. e3 Bg7 5. h4 h6 6. Nf3 O-O 7. Ne5 c5 8. Qd2 Nc6 9. Be2 cxd4 10. exd4 Kh7 11. O-O-O Nxe5 12. dxe5 Ng4 13. Bxg4 Bxg4 14. f3 Be6 15. Ne2 f6 16. Nd4 Bg8 17. Rhe1 e6 18. exf6 Qxf6 19. Be5 Qe7 20. Bxg7 Kxg7 21. g3 e5 22. f4 e4 23. Qc3 Kh7 24. Ne2 Rac8 25. Qe3 Be6 26. Nd4 Bg4 27. Rd3 Qb4 28. Rb3 Qe7 29. Kb1 a6 30. a3 b5 31. Rc3 Qd6 32. Ka2 Bd7 33. Qd2 Rxc3 34. Qxc3 Rc8 35. Qb4 Qf6 36. c3 Qf8 37. Qxf8 Rxf8 38. Kb3 a5 39. Kc2 g5 40. hxg5 hxg5 41. Rf1 gxf4 42. gxf4 Kg6 43. Kd2 Rh8 44. Rg1+ Kf6 45. Rg2 Rh4 46. Rf2 Rh3 47. Nc2 Rd3+ 48. Kc1 Bg4 49. Rd2 Rf3 50. Rg2 Rxf4 51. Ne3 Be6 52. Kd2 Rf3 53. Rh2 Bf7 54. Ng4+ Kg5 55. Ne3 Be6 56. b4 a4 57. Ke2 Kf4 58. Rh4+ Ke5 59. Rh5+ Kd6 60. Rh6 Rh3 61. Rxh3 Bxh3 62. Nc2 Bd7 63. Ke3 Ke5 64. Nd4 Be8 65. Ne2 Bd7 66. Nf4 Bf5 67. Ng2 Bd7 68. Nf4 Bf5 69. Nh5 Bg6 70. Ng3 Bf5 71. Nf1 Bd7 72. Nd2 Bf5 73. Nf1 Be6 74. Ng3 Bd7 75. Ne2 Bf5 76. Nd4 Bd7 77. Nc2 Bf5 78. Ne1 Bd7 79. Ng2 Bf5 80. Nf4 Bd7 81. Ng6+ Kf6 82. Nf4 Ke5 83. Ng6+ Kf6 84. Nh4 Ke5 85. Ng6+ 1/2-1/2


[Site "https://www.chess.com"]

[Event "Titled Tuesday Blitz April 11 Late 2023"]
[White "Golubev, Mikhail"]
[Black "Bilych, Olexiy"]
[WhiteFideId "14100983"]
[BlackFideId "14156504"]
[WhiteElo "2374"]
[BlackElo "2320"]
[Result "1-0"]
[Round "07"]
[TimeControl "180+2"]
[Date "2023.04.11"]
[WhiteClock "0:00:10"]
[BlackClock "0:00:02"]

1. e4 c5 2. Nf3 d6 3. d4 cxd4 4. Nxd4 Nf6 5. Nc3 a6 6. Bc4 e6 7. Bb3 b5 8. O-O Be7 9. Qf3 Qb6 10. Be3 Qb7 11. Qg3 O-O 12. Bh6 Ne8 13. Rad1 Bd7 14. f4 Nc6 15. f5 Nxd4 16. Rxd4 Bf6 17. Rd2 b4 18. fxe6 Bxe6 19. Nd5 Be5 20. Bf4 Bxb2 21. Rb1 Be5 22. Bxe5 dxe5 23. Qxe5 Rc8 24. Kh1 h6 25. Rf1 Kh7 26. Nf4 Bxb3 27. axb3 Qb5 28. Qxb5 axb5 29. Nd5 Nd6 30. Re1 Rfe8 31. Rde2 Re5 32. Nxb4 Rce8 33. Nc6 Rxe4 34. Rxe4 Nxe4 35. Kg1 Rc8 36. Ne7 Rxc2 37. Rxe4 Rc1+ 38. Kf2 Rc2+ 39. Kf3 Rc3+ 40. Re3 Rc5 41. Ke4 g6 42. Kd4 Rc2 43. Rg3 h5 44. h4 Kg7 45. Nd5 Rd2+ 46. Kc5 f5 47. b4 Rc2+ 48. Kxb5 Kf7 49. Nb6 Re2 50. Nc4 Re4 51. Nd6+ 1-0


[Site "https://www.chess.com"]

[Event "Titled Tuesday Blitz April 11 Late 2023"]
[White "Martinez Ramirez, Lennis"]
[Black "Vivas Zamora, Fabian Ernesto"]
[WhiteFideId "3509079"]
[BlackFideId "3902480"]
[WhiteElo "2410"]
[BlackElo "2262"]
[Result "1-0"]
[Round "07"]
[TimeControl "180+2"]
[Date "2023.04.11"]
[WhiteClock "0:02:02"]
[BlackClock "0:00:01"]

1. c4 Nf6 2. d4 g6 3. Nc3 d5 4. Nf3 Bg7 5. cxd5 Nxd5 6. Bd2 c5 7. e4 Nxc3 8. Bxc3 cxd4 9. Bxd4 Qa5+ 10. Qd2 Qxd2+ 11. Kxd2 O-O 12. Bxg7 Kxg7 13. Bb5 Rd8+ 14. Ke3 a6 15. Ba4 b5 16. Bb3 Bb7 17. Rhd1 Nc6 18. Rxd8 Rxd8 19. Bd5 Nb4 20. Bb3 Rd3+ 21. Kf4 f6 22. Rc1 Rxb3 23. Rc7 g5+ 24. Kf5 Kf7 25. axb3 Bc6 26. Nd4 h5 27. Nxc6 1-0


[Site "https://www.chess.com"]

[Event "Titled Tuesday Blitz April 11 Late 2023"]
[White "Mickiewicz, Piotr"]
[Black "Weetik, Vjacheslav"]
[WhiteFideId "1114891"]
[BlackFideId "4153472"]
[WhiteElo "2246"]
[BlackElo "2469"]
[Result "0-1"]
[Round "07"]
[TimeControl "180+2"]
[Date "2023.04.11"]
[WhiteClock "0:00:05"]
[BlackClock "0:00:04"]

1. Nf3 g6 2. b3 Bg7 3. d4 c5 4. Bb2 cxd4 5. Bxd4 Nf6 6. c4 Nc6 7. Bc3 O-O 8. e3 d5 9. Nbd2 e5 10. Nxe5 Nxe5 11. Bxe5 Re8 12. Bd4 Ng4 13. Bxg7 Kxg7 14. Nf3 Qa5+ 15. Qd2 Qxd2+ 16. Nxd2 d4 17. e4 f5 18. h3 Nf6 19. e5 Rxe5+ 20. Kd1 Ne4 21. f4 Re7 22. Bd3 Nf2+ 23. Kc2 Nxh1 24. Rxh1 Bd7 25. Nf3 Bc6 26. Nxd4 Bxg2 27. Rh2 Be4 28. Rg2 Bxd3+ 29. Kxd3 Rd8 30. Rd2 Kf6 31. c5 Re4 32. Kc4 Rxf4 33. b4 a6 34. a4 g5 35. b5 axb5+ 36. axb5 Ke5 37. Re2+ Re4 38. Rxe4+ Kxe4 39. Ne6 Rg8 40. c6 bxc6 41. bxc6 g4 0-1


[Site "https://www.chess.com"]